 Dungeon Crawl Stone Soup version 0.19.5 (webtiles) character file.

22 tidbits the Slasher (level 2, 4/19 HPs)
             Began as a High Elf Skald on Nov 8, 2017.
             Quit the game on level 2 of the Dungeon.
             The game lasted 00:02:18 (233 turns).

tidbits the Slasher (High Elf Skald)                 Turns: 233, Time: 00:02:19

Health: 4/19       AC:  3    Str: 11    XL:     2   Next: 68%
Magic:  3/6        EV: 11    Int: 15    God:
Gold:   0          SH:  0    Dex: 14    Spells: 3 memorised, 0 levels left

rFire  . . .     SeeInvis .     a - +0 falchion
rCold  + . .     Gourm    .     b - +0 leather armour
rNeg   . . .     Faith    .     (no shield)
rPois  .         Spirit   .     (no helmet)
rElec  .         Reflect  .     (no cloak)
rCorr  .         Harm     .     (no gloves)
MR     .....                    (no boots)
Stlth  +.........               (no amulet)
                                (no ring)
                                k - ring of protection from cold

@: quite poisoned (4 -> 2), infused
A: no striking features
a: no special abilities


You were on level 2 of the Dungeon.
You were not hungry.

You visited 1 branch of the dungeon, and saw 2 of its levels.

Inventory:

Hand Weapons
 a - a +0 falchion (weapon)
Armour
 b - a +0 leather armour (worn)
 g - a +0 ring mail
   (You found it on level 1 of the Dungeon)
Jewellery
 k - a ring of protection from cold (left hand)
   (You found it on level 1 of the Dungeon)
Scrolls
 e - a scroll of identify {unknown}
 f - a scroll of magic mapping {unknown}
 i - a scroll of immolation {unknown}
Potions
 h - a potion of flight {unknown}
Books
 c - a book of Battle

   Spells                             Type                      Level
   a - Infusion                       Charms                       1
   b - Shroud of Golubria             Charms/Translocation         2
   c - Song of Slaying                Charms                       2
   d - Spectral Weapon                Hexes/Charms                 3
   e - Regeneration                   Charms/Necromancy            3
Comestibles
 d - a bread ration


   Skills:
 - Level 2.0 Fighting
 + Level 4.0 Long Blades
 - Level 0.8 Armour
 - Level 1.1 Dodging
 - Level 2.4 Spellcasting
 - Level 3.6 Charms


You couldn't memorise any spells.
You knew the following spells:

 Your Spells              Type           Power        Failure   Level  Hunger
g - Shroud of Golubria    Chrm/Tloc      #.........   24%         2    ###....
i - Infusion              Chrm           ##..         10%         1    #......
y - Song of Slaying       Chrm           ##......     12%         2    ###....


Dungeon Overview and Level Annotations

Branches:
Dungeon (2/15)

Altars:


Message History

You swing at nothing.
You swing at nothing.
You swing at nothing.
You swing at nothing.
You swing at nothing.
You swing at nothing.
You swing at nothing.
You swing at nothing.
You swing at nothing.
You swing at nothing.
You swing at nothing.
You swing at nothing.
You swing at nothing.
You swing at nothing.
You swing at nothing.
Wield which item (- for none, * to show all)? (? for menu, Esc to quit)
a - a +0 falchion (weapon)
A rat comes into view.
You see here 22 stones.
Casting: Infusion
Confirm with . or Enter, or press ? or * to list all spells.
You begin infusing your attacks with magical energy.
Found a stone staircase leading down.
Your magical infusion is running out.
You hit the rat!
You kill the rat!
You are no longer magically infusing your attacks.
There is a stone staircase leading down here.
You climb downwards.
There is a stone staircase leading up here.
You open the door.
A frilled lizard comes into view.
The frilled lizard hisses angrily.
You hear a shout!
Found a dagger.
There is an open door here.
Casting: Infusion
Confirm with . or Enter, or press ? or * to list all spells.
You begin infusing your attacks with magical energy.
A kobold comes into view.
You closely miss the frilled lizard. The frilled lizard bites you.
An adder comes into view.
The adder hisses angrily.
You slash the frilled lizard!
You kill the frilled lizard!
The kobold throws a stone.
The stone hits you but does no damage.
A jackal comes into view.
Your magical infusion is running out.
The kobold throws a stone.
The stone hits you but does no damage.
You see here a stone.
You hit the adder.
The adder is moderately wounded.
You are no longer magically infusing your attacks.
The adder bites you.
* * * LOW HITPOINT WARNING * * *
The adder bites you.
* * * LOW HITPOINT WARNING * * *
Your leather armour prevents you from hitting the adder.
The adder is moderately wounded.
The adder bites you.
* * * LOW HITPOINT WARNING * * *
You closely miss the adder.
The adder is moderately wounded.
The adder barely misses you. The adder bites you.
* * * LOW HITPOINT WARNING * * *
You are lethally poisoned!
The adder poisons you!
You completely miss the adder.
The adder is moderately wounded.
* * * LOW HITPOINT WARNING * * *
You feel sick. The adder misses you.
You riposte.
You hit the adder.
The adder is moderately wounded.
You feel better. The adder bites you but does no damage.
You hit the adder.
The adder is severely wounded.
The adder bites you.
* * * LOW HITPOINT WARNING * * *
The adder bites you.
* * * LOW HITPOINT WARNING * * *
You hit the adder but do no damage.
The adder is severely wounded.
The adder barely misses you.
You hit the adder but do no damage.
The adder is severely wounded.
The adder bites you but does no damage. The adder closely misses you.
Casting: Infusion
Confirm with . or Enter, or press ? or * to list all spells.
You begin infusing your attacks with magical energy.
The adder bites you.
* * * LOW HITPOINT WARNING * * *
You are poisoned.
The adder poisons you!
You miss the adder.
The adder is severely wounded.
You feel sick. The adder bites you.
* * * LOW HITPOINT WARNING * * *
The adder closely misses you.
You riposte.
You hit the adder.
You kill the adder!
Your Long Blades skill increases to level 4!
Okay, then.
Are you sure you want to abandon this character and quit the game? (Confirm with "yes".)

## ..# #.#
#.# #.#
######.##
#.......#
#....@..#
#.<###..#
#..#....#
#..#S##.#
#...(# .#
###K## .#
#⌠⌠⌠†⌠⌠###
#⌠⌠⌠....⌠⌠#
#⌠⌠.......⌠⌠#


There were no monsters in sight!

Vanquished Creatures
  An adder (D:2)
  2 dart slugs (D:1)
  A giant cockroach (D:1)
  A hobgoblin (D:1)
  A ball python (D:1)
  A bat (D:1)
  2 frilled lizards
  2 kobolds (D:1)
  A rat (D:1)
12 creatures vanquished.

Notes
Turn   | Place    | Note
-------+----------+-------------------------------------------
     0 | D:1      | tidbits the High Elf Skald began the quest for the Orb.
     0 | D:1      | Reached XP level 1. HP: 14/14 MP: 4/4
    82 | D:1      | Reached skill level 3 in Long Blades
    98 | D:1      | Reached XP level 2. HP: 5/19 MP: 0/6
   103 | D:1      | Learned a level 2 spell: Song of Slaying
   106 | D:1      | Learned a level 2 spell: Shroud of Golubria
   232 | D:2      | Reached skill level 4 in Long Blades
   233 | D:2      | Quit the game

Skill      XL: |  1  2 |
---------------+-------+-----
Long Blades    | 3 4 |  4.0
Fighting       | |  2.0
Armour         | |  0.8
Dodging        | |  1.1
Spellcasting   | |  2.4
Charms         | |  3.6

Action                   || total
-------------------------++-------
Melee: Falchion          ||    33
 Cast: Infusion          ||     7
  Use: Potion            ||     2
Armor: Leather armour    ||     6
Dodge: Dodged            ||    16
       Rpst.: Falchion   ||     7

Table legend:
 A = Turns spent in this place as a percentage of turns spent in the entire game.
 B = Non-inter-level travel turns spent in this place as a percentage of non-inter-level travel turns spent in the entire game.
 C = Inter-level travel turns spent in this place as a percentage of turns spent in this place.
 D = Turns resting spent in this place as a percentage of non-inter-level travel turns spent in this place.
 E = Turns spent auto-exploring this place as a percentage of non-inter-level travel turns spent in this place.
 F = Non-inter-level travel turns spent in this place divided by the number of levels of this place that you've seen.
                   A       B       C       D       E      F
               +-------+-------+-------+-------+-------+----------------------
         Total | 100.0 | 100.0 |   0.0 |   0.0 |   0.0 | 113.5
       Dungeon | 100.0 | 100.0 |   0.0 |   0.0 |   0.0 | 113.5
               +-------+-------+-------+-------+-------+----------------------

Table legend:
 A = Kills in this place as a percentage of kills in entire the game.
 B = Kills by you in this place as a percentage of kills by you in the entire game.
 C = Kills by friends in this place as a percentage of kills by friends in the entire game.
 D = Other kills in this place as a percentage of other kills in the entire game.
 E = Experience gained in this place as a percentage of experience gained in the entire game.
 F = Experience gained in this place divided by the number of levels of this place that you have seen.
                   A       B       C       D       E      F
               +-------+-------+-------+-------+-------+----------------------
         Total | 100.0 | 100.0 |  -nan |  -nan | 100.0 |  16.0
       Dungeon | 100.0 | 100.0 |  -nan |  -nan | 100.0 |  16.0
               +-------+-------+-------+-------+-------+----------------------

Vault maps used:
D:1:      lemuel_arrival_river_ford
D:2:      kennysheep_potato
